[Event "FIDE WSCC 65 2022"]
[Site "Assisi"]
[Date "2022.11.26"]
[Round "11.15"]
[White "Luciani, Carlo"]
[Black "Buchal, Stephan"]
[Result "0-1"]
[ECO "B06"]
[WhiteElo "2187"]
[BlackElo "2247"]
[Annotator "TA"]
[PlyCount "80"]
[EventDate "2022.11.14"]
[EventType "swiss"]
[EventCountry "ITA"]
[SourceTitle "playchess.com"]
[Source "ChessBase"]
[SourceQuality "1"]
[TimeControl "40/5400+30:1800+30"]

1. e4 g6 2. d4 Bg7 3. Nc3 d6 4. Be3 a6 5. Qd2 b5 6. f3 Nd7 7. h4 h6 {[%emt 0:00:36] 7...Ngf6 is setting a new trend. B06: Modern Defence.} (7... h5 $11) 8. Nge2 Bb7 9. h5 g5 {[%emt 0:00:31] White is slightly better.} 10. d5 e6 11. O-O-O Ngf6 {[%emt 0:15:38] [#]} 12. a3 $146 (12. Nd4 $16) ({Predecessor:} 12. Nd4 Qe7 13. g3 Nb6 14. a3 Nfd7 15. Bh3 Nf8 16. f4 gxf4 17. gxf4 Nc4 18. Qe1 {0-1 (45) Valenzuela Gomez,F (2393)-Valderrama Quiceno,E (2490) Sabadell 2019}) 12... Qe7 (12... O-O $1 $11 {keeps the balance.}) 13. Nd4 Ne5 14. Be2 Rd8 15. g3 (15. f4 $142) 15... c5 16. dxc6 Nxc6 17. Nxc6 Bxc6 18. Bd3 (18. Bb6 $14) 18... d5 (18... Qb7 $1 $15 {might be stronger.}) 19. Qf2 (19. Bb6 $11) 19... d4 $1 $36 {[%emt 0:03:56][%mdl 2048] Black is on the roll.} 20. Bxd4 {[%emt 0:00:27] [#] And now e5 would win.} Ng4 21. fxg4 Bxd4 22. Qe1 O-O {[%emt 0:09:28][%mdl 1024] White must now prevent ...b4. Black has strong compensation.} 23. Rf1 (23. Na2 $142) 23... Be5 (23... b4 $17 24. Ne2 (24. axb4 $2 Qxb4 25. Bxa6 Ra8 $19) 24... bxa3 25. Nxd4 axb2+ 26. Kxb2 Rxd4) 24. Ne2 (24. Na2 $1 $15) 24... Rb8 {[%emt 0:06:59] Black is much more active.} (24... Qc7 $142 $1 25. Kb1 a5) 25. Qb4 ({Better is} 25. Qa5) 25... Qa7 $1 26. Rf3 {[%emt 0:01:41] [#]} (26. Qa5 $17 {was called for.}) 26... a5 $1 $19 27. Qd2 (27. Qb3 {was necessary.}) 27... b4 28. Qe3 Qe7 {[%emt 0:01:48] Hoping for ...Ba4.} 29. Nd4 Rfc8 (29... Ba4 $19 {is more deadly.} 30. Be2 Rfd8 31. axb4 Qxb4) 30. Bc4 $2 (30. Nxc6 $17 {was the crucial defense.} Rxc6 31. a4) 30... Ba4 {[%emt 0:06:35] This pair of bishops is nice.} 31. Bb3 bxa3 $2 (31... Bxb3 32. Qxb3 Qa7) 32. Bxa4 Rc4 $2 ({And not} 32... Rxb2 33. Qxa3 Qxa3 34. Rxa3 $11) ({Black should play} 32... axb2+ $19 33. Kb1 Rd8) 33. Bb3 $2 (33. Qxa3 $15 Qxa3 34. Rxa3 Bxd4 35. Bb3) 33... axb2+ 34. Kxb2 (34. Kb1 $142 Rxd4 35. Qe2 (35. Rxd4 {leads to mate.} Qa3)) 34... a4 {[%emt 0:00:11][%mdl 64] Pin} 35. Qf2 axb3 36. c3 Ra4 37. Ra1 Rxa1 38. Kxa1 Bxd4 39. cxd4 b2+ (39... Ra8+ $142 40. Kb1 Qb4 41. e5 Ra2 42. Qxa2 Qe1+ 43. Kb2 bxa2 44. Ra3 Qb1+ 45. Kc3 Qc1+ 46. Kb4 {[#]} Qxa3+ $3 47. Kxa3 a1=Q+ 48. Kb4 Qxd4+ 49. Kb3 Qxg4 50. Kc2 Qxg3 51. Kd2 g4 52. Kc2 Qa3 53. Kd2 Qb3 54. Ke1 Qa2 55. Kf1 g3 56. Ke1 g2 57. Kd1 g1=Q#) 40. Kb1 Qa7 {[%emt 0:00:09] Weighted Error Value: White=1.08/Black=0.51} (40... Qb4 $142 41. Rd3 Qc4 42. Rd1 Qa4 43. Rg1 Qa1+ 44. Kc2 b1=Q+ 45. Rxb1 Qxb1+ 46. Kd2 Qa2+ 47. Kc3 Qxf2 48. d5 e5 49. d6 Rb2 50. d7 Qd4#) 0-1